 Dungeon Crawl Stone Soup version 0.21-a0-270-g8204059 (webtiles) character file.

287 tidbits the Skirmisher (level 5, -1/47 HPs)
             Began as a Demigod Wanderer on Sept 13, 2017.
             Shot with an arrow by a centaur (6 damage)
             ... on level 5 of the Dungeon.
             The game lasted 00:11:39 (1549 turns).

tidbits the Skirmisher (Demigod Wanderer)           Turns: 1549, Time: 00:11:40

Health: -1/47      AC:  9    Str: 16    XL:     5   Next: 80%
Magic:  9/9        EV: 12    Int: 17    God:
Gold:   144        SH:  0    Dex: 15    Spells: 6/6 levels left

rFire    . . .     SeeInvis .   a - +3 dagger
rCold    . . .     Gourm    .   (no shield)
rNeg     . . .     Faith    .   B - +0 ring mail
rPois    .         Spirit   .   (no helmet)
rElec    .         Reflect  .   (no cloak)
rCorr    .         Harm     .   G - +1 pair of gloves
MR       .....                  (no boots)
Stlth    +.........             (no amulet)
HPRegen  0.15/turn              U - +2 ring of protection
MPRegen  0.11/turn              (no ring)

@: no status effects
A: high mp 1
a: no special abilities


You were on level 5 of the Dungeon.
You were not hungry.

You visited 1 branch of the dungeon, and saw 6 of its levels.

You collected 144 gold pieces.

Inventory:

Hand Weapons
 a - a +3 dagger (weapon)
 h - a +0 hunting sling
 l - a +0 falchion
 s - a +0 long sword
Missiles
 e - 96 stones
 g - 8 javelins (quivered)
 j - 93 sling bullets
Armour
 i - a +0 robe
 t - a +0 plate armour
 B - a +0 ring mail (worn)
 G - a +1 pair of gloves (worn)
Jewellery
 U - a +2 ring of protection (left hand)
   (You found it on level 1 of the Dungeon)
Wands
 m - a wand of paralysis (0/24)
Scrolls
 b - a scroll of fear
 k - a scroll of enchant weapon
Potions
 d - 3 potions of curing
 n - a potion of experience {unknown}
 p - a potion of haste {unknown}
 q - a potion of resistance {unknown}
Books
 o - a book of Misfortune
   (You found it on level 4 of the Dungeon)

   Spells                             Type                      Level
   a - Confusing Touch                Hexes                        1
   b - Confuse                        Hexes                        3
   c - Gell's Gravitas                Translocation                3
   d - Petrify                        Transmutation/Earth          4
   e - Metabolic Englaciation         Hexes/Ice                    5
   f - Yara's Violent Unravelling     Hexes/Transmutation          5
Comestibles
 f - 3 bread rations


   Skills:
 + Level 4.4 Fighting
 + Level 3.4 Dodging
 - Level 1.8 Stealth
   Level 1.0 Shields
 - Level 1.1 Unarmed Combat
 - Level 1.0 Spellcasting
   Level 1.7 Translocations
 - Level 1.0 Evocations


You had 6 spell levels left.
You didn't know any spells.

Dungeon Overview and Level Annotations

Branches:
Dungeon (6/15)
 Temple: D:4-7

Annotations:
D:3 Ijyb; p0werm0de's ghost, amateur DsFE
D:5 Dowan; Duvessa
D:6 Sigmund


Innate Abilities, Weirdness & Mutations

You have an increased reservoir of magic. (+10% MP)


Message History

You hit the ball python skeleton.
You destroy the ball python skeleton!
Wield which item (- for none, * to show all)? (? for menu, Esc to quit)
f - 3 bread rations (in hand)
You swing at nothing.
You can't rest with a hostile monster in view!
Unknown command.
Wield which item (- for none, * to show all)? (? for menu, Esc to quit)
a - a +3 dagger (weapon)
You hit the adder skeleton.
The adder skeleton is lightly damaged.
The adder skeleton completely misses you.
You hit the adder skeleton.
The adder skeleton is moderately damaged.
The adder skeleton misses you. The adder skeleton closely misses you.
You puncture the adder skeleton!
The adder skeleton is severely damaged.
The adder skeleton barely misses you.
You hit the adder skeleton.
The adder skeleton is almost destroyed.
The adder skeleton misses you.
You hit the adder skeleton.
You destroy the adder skeleton!
Wield which item (- for none, * to show all)? (? for menu, Esc to quit)
f - 3 bread rations (in hand)
You swing at nothing.
You swing at nothing.
You swing at nothing.
You swing at nothing.
You swing at nothing.
You swing at nothing.
You swing at nothing.
You swing at nothing.
You swing at nothing.
You swing at nothing.
You swing at nothing.
You swing at nothing.
You swing at nothing.
You swing at nothing.
You swing at nothing.
You swing at nothing.
You swing at nothing.
You swing at nothing.
You swing at nothing.
The orc priest shouts!
Wield which item (- for none, * to show all)? (? for menu, Esc to quit)
a - a +3 dagger (weapon)
Okay, then.
The orc wizard shouts!
The orc shouts!
The orc priest looks satisfied for a moment.
You completely miss the orc priest.
The orc shouts!
You punch the orc priest.
The orc priest is moderately wounded.
The orc priest hits you with a flail.
* * * LOW HITPOINT WARNING * * *
You hit the orc priest.
The orc priest is severely wounded.
You hit the orc priest.
You kill the orc priest!
You open the large door. The orc closely misses you.
The orc wizard hits you but does no damage.
There is a large open door here.
There is a large open door here.
You hit the orc.
The orc is severely wounded.
The orc barely misses you. x2
You hit the orc.
The orc is almost dead.
The orc misses you.
The orc hits you from afar with a trident.
* * * LOW HITPOINT WARNING * * *
You closely miss the orc.
The orc is almost dead.
The orc hits you but does no damage.
The orc hits you from afar with a trident.
* * * LOW HITPOINT WARNING * * *
You completely miss the orc.
The orc is almost dead.
The orc hits you with a short sword.
* * * LOW HITPOINT WARNING * * *
The orc closely misses you.
You closely miss the orc.
The orc is severely wounded.
The orc hits you but does no damage.
You hit the orc.
You kill the orc!
The orc wizard closely misses you. The orc closely misses you.
There is a large open door here.
Things that are here:
a short sword; a leather armour; an orc corpse You barely miss the orc wizard.
The orc wizard hits you but does no damage.
The orc barely misses you.
A centaur comes into view.
The centaur shouts!
The centaur wields a shortbow.
The centaur shoots an arrow.
The arrow hits you!
* * * LOW HITPOINT WARNING * * *
The centaur shoots an arrow.
The arrow hits you.
You die...

#.............#
#.#...........#
#.#..)........#
#.#...........#
#.#...........#
#......o......#
#######o#####...
####o#####...
#....@.......
#...........c
#............
#............
#............
#...........?
#........#...
#........#...


You could see a centaur, an orc wizard and 2 orcs.

Vanquished Creatures
  A sky beast (D:4)
  2 howler monkeys
  An orc priest (D:5)
  4 adders
  An adder skeleton (D:5)
  A worm (D:2)
  2 orcs
  6 bats
  A giant cockroach (D:2)
  7 goblins
  2 hobgoblins (D:1)
  7 jackals
  7 kobolds
  A quokka (D:4)
  A ball python skeleton (D:5)
  4 frilled lizards
  A jackal skeleton (D:4)
  A quokka skeleton (D:4)
  3 rats
53 creatures vanquished.

Notes
Turn   | Place    | Note
-------+----------+-------------------------------------------
     0 | D:1      | tidbits the Demigod Wanderer began the quest for the Orb.
     0 | D:1      | tidbits set off with: a +2 dagger, a scroll of fear, a scroll of teleportation, a potion of curing, a +0 robe, a bread ration
     0 | D:1      | Reached XP level 1. HP: 17/17 MP: 4/4
    44 | D:1      | Reached skill level 2 in Fighting
   132 | D:1      | HP: 1/17 [bat (1)]
   234 | D:1      | Reached XP level 2. HP: 11/24 MP: 5/5
   373 | D:2      | Reached skill level 1 in Dodging
   622 | D:3      | Reached XP level 3. HP: 16/30 MP: 6/6
   699 | D:3      | Noticed p0werm0de's ghost (amateur DsFE)
   807 | D:2      | Reached skill level 3 in Fighting
  1016 | D:3      | Noticed Ijyb
  1016 | D:3      | Paralysed by Ijyb for 4 turns
  1137 | D:4      | Reached skill level 2 in Dodging
  1137 | D:4      | Reached XP level 4. HP: 32/38 MP: 8/8
  1156 | D:5      | Entered Level 5 of the Dungeon
  1158 | D:5      | Found a white marble altar of Elyvilon.
  1161 | D:5      | Noticed a sky beast
  1175 | D:5      | Noticed Duvessa
  1201 | D:5      | Noticed Dowan
  1214 | D:4      | Reached XP level 5. HP: 30/46 MP: 9/9
  1236 | D:4      | Killed a sky beast
  1236 | D:4      | Reached skill level 4 in Fighting
  1236 | D:4      | Reached skill level 3 in Dodging
  1361 | D:4      | Found an opulent altar of Gozag.
  1362 | D:4      | Found a stormy altar of Qazlal.
  1409 | D:5      | You fall through a shaft!
  1411 | D:6      | Noticed a phantom
  1446 | D:6      | Noticed Sigmund
  1549 | D:5      | Noticed a centaur
  1549 | D:5      | Shot with an arrow by a centaur

Vault maps used:
D:1:      dpeg_arrival_pond
D:2:      first_bread, minmay_split_cup_large
D:3:      kennysheep_the_goblin_king, kennysheep_flooded_box, uniq_ijyb
D:4:      nicolae_overflow_crystal_walls, amethyst_overflow_temple_binary,
          mrwooster_statue_mirror
D:5:      nicolae_overflow_hidden_temple, elyvilon_altar_5, uniq_duvessa
D:6:      gammafunk_temple_overflow_arena, minmay_temple_entry_nine_rooms,
          uniq_sigmund, uniq_edmund

Skill      XL: |  1  2  3  4  5 |
---------------+----------------+-----
Fighting       | 2 3 4 |  4.4
Dodging        | 1 2 3 |  3.4
Stealth        | |  1.8
Shields        | |  1.0
Unarmed Combat | |  1.1
Spellcasting   | |  1.0
Translocations | |  1.7
Evocations     | |  1.0

Action                   |  1- 3 |  4- 6 || total
-------------------------+-------+-------++-------
Melee: Dagger            |   165 |    63 ||   228
       Punch             |     1 |     2 ||     3
Evoke: Wand              |       |     2 ||     2
  Use: Scroll            |     3 |     1 ||     4
 Stab: Sleeping          |     1 |       ||     1
       Paralysed         |       |     4 ||     4
  Eat: Chunk             |     1 |       ||     1
       Meat ration       |       |     1 ||     1
Armor: Robe              |    16 |       ||    16
       Ring mail         |    47 |    23 ||    70
Dodge: Dodged            |    88 |    37 ||   125

Table legend:
 A = Spawn XP
 B = Non-spawn XP
 C = Spawn XP percentage of total XP
 D = Spawn monster count
 E = Non-spawn monster count
 F = Spawn count percentage of total count
 G = Total turns spent on level
                    A         B        C        D         E        F      G
               +---------+---------+-------+---------+---------+-------+---------
         Total |       0 |     410 |   0.0 |       0 |      53 |   0.0 |  1549
               +---------+---------+-------+---------+---------+-------+---------
           D:1 |       0 |      33 |   0.0 |       0 |      20 |   0.0 |   382
           D:2 |       0 |      56 |   0.0 |       0 |      18 |   0.0 |   382
           D:3 |       0 |      19 |   0.0 |       0 |       4 |   0.0 |   325
           D:4 |       0 |     182 |   0.0 |       0 |       5 |   0.0 |   261
           D:5 |       0 |     120 |   0.0 |       0 |       6 |   0.0 |   157
               +---------+---------+-------+---------+---------+-------+---------

Table legend:
 A = Turns spent in this place as a percentage of turns spent in the entire game.
 B = Non-inter-level travel turns spent in this place as a percentage of non-inter-level travel turns spent in the entire game.
 C = Inter-level travel turns spent in this place as a percentage of turns spent in this place.
 D = Turns resting spent in this place as a percentage of non-inter-level travel turns spent in this place.
 E = Turns spent auto-exploring this place as a percentage of non-inter-level travel turns spent in this place.
 F = Non-inter-level travel turns spent in this place divided by the number of levels of this place that you've seen.
                   A       B       C       D       E      F
               +-------+-------+-------+-------+-------+----------------------
         Total | 100.0 | 100.0 |   3.8 |   0.0 |   0.0 | 248.3
       Dungeon | 100.0 | 100.0 |   3.8 |   0.0 |   0.0 | 248.3
               +-------+-------+-------+-------+-------+----------------------

Table legend:
 A = Kills in this place as a percentage of kills in entire the game.
 B = Kills by you in this place as a percentage of kills by you in the entire game.
 C = Kills by friends in this place as a percentage of kills by friends in the entire game.
 D = Other kills in this place as a percentage of other kills in the entire game.
 E = Experience gained in this place as a percentage of experience gained in the entire game.
 F = Experience gained in this place divided by the number of levels of this place that you have seen.
                   A       B       C       D       E      F
               +-------+-------+-------+-------+-------+----------------------
         Total | 100.0 | 100.0 |   N/A |   N/A | 100.0 |  68.3
       Dungeon | 100.0 | 100.0 |   N/A |   N/A | 100.0 |  68.3
               +-------+-------+-------+-------+-------+----------------------

Vault maps used:
D:1:      dpeg_arrival_pond
D:2:      first_bread, minmay_split_cup_large
D:3:      kennysheep_the_goblin_king, kennysheep_flooded_box, uniq_ijyb
D:4:      nicolae_overflow_crystal_walls, amethyst_overflow_temple_binary,
          mrwooster_statue_mirror
D:5:      nicolae_overflow_hidden_temple, elyvilon_altar_5, uniq_duvessa
D:6:      gammafunk_temple_overflow_arena, minmay_temple_entry_nine_rooms,
          uniq_sigmund, uniq_edmund
